Euphox, chaotic male human Wizard ---------------- |.<............| ...............| |....@.........| -----a---------- Euphox the Thaumaturge Experience level: 6 Strength: 10 Dexterity: 17 Constitution: 15 Intelligence: 18 Wisdom: 10 Charisma: 7 Health: 0(49) Energy: 37(50) AC: 6 Gold: 588 Moves: 2600 Your Inventory: Coins $ - 588 gold pieces Weapons a - a blessed +1 quarterstaff (weapon in hands) Armor b - an uncursed +0 cloak of magic resistance (being worn) q - an [uncursed] +0 pair of padded gloves [leather] (being worn) s - an [uncursed] +0 Hawaiian shirt (being worn) C - an [uncursed] +0 pair of hard shoes [iron] (being worn) Scrolls i - an uncursed scroll of light j - an uncursed scroll of teleportation k - 2 uncursed scrolls of enchant armor Spellbooks l - a blessed spellbook of force bolt m - an uncursed plain spellbook [of blank paper] p - an [uncursed] spellbook of magic missile Potions f - an uncursed potion of sleeping g - an uncursed potion of water h - a potion of holy water E - an [uncursed] silver potion [of monster detection] Rings d - an uncursed ring of see invisible (on right hand) e - an uncursed ring of teleportation A - a [cursed -2] bronze ring [of adornment] Wands c - an uncursed wand of secret door detection (0:9) Tools v - an [uncursed] tin whistle w - an [uncursed] bag [sack] x - an [uncursed] towel y - an [uncursed] key [skeleton key] Contents of the sack: an [uncursed] blue gem [worthless glass] Spells known in the end: Name Level Category Fail Memory a - force bolt 1 attack 0% [||||||||] b - slow monster 2 enchantment 0% [||||||||] c - magic missile 2 attack 0% [||||||||] Your skills at the end: Fighting Skills Weapon Skills quarterstaff [Basic / Expert] Spellcasting Skills attack spells [Basic / Expert] enchantment spells [Basic / Skilled] Final Attributes: You were piously aligned. Hunger level was -242. Your alignment was 21 / 23. Monster difficulty range was 1 - 6. Level difficulty was 6. You were magic-protected. You saw invisible. Your luck was zero. You are dead. Vanquished creatures: 5 Uruk-hai 4 giant ants 2 kobold lords a rabid rat 2 hobbits a hobgoblin a giant rat a brown mold a yellow mold a red mold 4 gnomes 3 geckos 6 jackals 2 foxes a kobold 2 goblins 2 sewer rats a grid bug 2 bats a lichen 4 newts 47 creatures vanquished. Voluntary challenges: You were an atheist. You used a wielded weapon 24 times. You read items or engraved 4 times. You put on armor 5 times. You never genocided any monsters. You never polymorphed an object. You never changed form. You used no wishes. You never wrote Elbereth's name. You never encountered a bones level. You never used any Sokoban shortcuts. Dungeon overview: The Dungeons of Doom: levels 1 to 6 Level 1 a fountain a long staircase Level 2 a long staircase Level 4 a tool shop, a fountain Level 6 <- You were here History has recorded: On T:1 you entered the Dungeons of Doom to retrieve the Amulet of Yendor! On T:451 you reached level 2 of The Dungeons of Doom. On T:589 you advanced to experience level 2. On T:644 you advanced to experience level 3. On T:992 you advanced to experience level 4. On T:1029 you reached level 3 of The Dungeons of Doom. On T:1077 you reached level 4 of The Dungeons of Doom. On T:1221 you advanced to experience level 5. On T:1997 you reached level 5 of The Dungeons of Doom. On T:2192 you advanced to experience level 6. On T:2508 you reached level 6 of The Dungeons of Doom. Latest messages: You regain consciousness. [30 turns] The door opens. The giant ant bites! You faint from lack of food. [HP-4=45] The giant ant bites! [HP-1=44] The giant ant bites! (2x) [HP-5=39] The giant ant bites! [HP-4=35] The giant ant bites! (2x) [HP-7=28] The giant ant bites! [HP-4=24] The giant ant bites! (2x) [HP-4=20] The giant ant bites! [HP-3=17] The giant ant bites! (2x) [HP-6=11] The giant ant bites! [HP-4=7] The giant ant bites! (2x) You die... Final status: Goodbye Euphox the Wizard... You died in The Dungeons of Doom on dungeon level 6 with 1954 points, and 588 pieces of gold, after 2600 moves. You were level 6 with a maximum of 49 hit points when you died.